 Dungeon Crawl Stone Soup version 0.27.0-1-g7a08968 (webtiles) character file.

Game seed: 1587712734827413031

75 Danakh the Magician (level 4, -3/30 HPs)
             Began as a Demonspawn Hedge Wizard on Dec 27, 2021.
             Was a Follower of Qazlal.
             Slain by a kobold (4 damage)
             ... on level 2 of the Dungeon.
             The game lasted 00:09:12 (2412 turns).

Danakh the Magician (Demonspawn Hedge Wizard)       Turns: 2412, Time: 00:09:14

Health: -3/30      AC:  2    Str: 10    XL:     4   Next: 11%
Magic:  3/9        EV: 12    Int: 17    God:    Qazlal [*.....]
Gold:   60         SH:  2    Dex: 12    Spells: 4/10 levels left

rFire    . . .     SeeInvis .   f - +0 dagger (venom)
rCold    . . .     Faith    .   (no shield)
rNeg     . . .     Spirit   .   b - +0 robe
rPois    .         Reflect  .   c - +0 hat
rElec    .         Harm     .   (no cloak)
rCorr    .         Rampage  .   (no gloves)
Will     .....                  (no boots)
Stlth    ++........             (no amulet)
HPRegen  0.10/turn              (no ring)
MPRegen  0.11/turn              (no ring)

@: no status effects
A: sturdy frame 1
a: Renounce Religion


You were on level 2 of the Dungeon.
You worshipped Qazlal.
Qazlal was aware of your devotion.
You visited 1 branch of the dungeon, and saw 2 of its levels.

You collected 60 gold pieces.

Inventory:

Hand Weapons
 a - a +0 dagger
 f - a +0 dagger of venom (weapon)
Armour
 b - a +0 robe (worn)
 c - a +0 hat (worn)
Scrolls
 d - 4 scrolls of teleportation {unknown}
 e - a scroll of amnesia {unknown}
 h - a scroll of magic mapping {unknown}
Potions
 g - a potion of curing {unknown}


   Skills:
 - Level 1.7 Dodging
 - Level 1.7 Stealth
 + Level 3.9 Spellcasting
 + Level 2.8 Conjurations
 - Level 1.0 Summonings
 - Level 0.8 Translocations


You had 4 spell levels left.
You knew the following spells:

 Your Spells              Type           Power      Damage    Failure   Level
a - Magic Dart            Conj           52%        1d5       4%          1
b - Blink                 Tloc           N/A        N/A       17%         2
c - Mephitic Cloud        Conj/Pois/Air  6%         N/A       32%         3

Your spell library contained the following spells:

 Spells                   Type           Power      Damage    Failure   Level
 Call Imp                 Summ           6%         N/A       16%         2
 Slow                     Hex            3%         N/A       24%         2
 Conjure Flame            Conj/Fire      8%         6-21      26%         3


Dungeon Overview and Level Annotations

Branches:
Dungeon (2/15)

Altars:
Qazlal


Innate Abilities, Weirdness & Mutations

Your movements are slightly less encumbered by armour. (ER -2)


Message History

You are very lightly contaminated with residual magic.
Nothing appears to happen.
The gnoll hits you but does no damage.
You writhe in agony.
* * * LOW HITPOINT WARNING * * *
Your magical contamination has completely faded away.
There is an open door here.
There is an open door here.
There is an open door here.
You start resting.
A gnoll is nearby!
Casting: Mephitic Cloud (quite dangerous; 32% risk of failure)
Confirm with . or Enter, or press ? or * to list all spells.
The spell is quite dangerous to cast (32% risk of failure)!
Continue anyway?
Okay, then.
Casting: Mephitic Cloud (quite dangerous; 32% risk of failure)
Confirm with . or Enter, or press ? or * to list all spells.
The spell is quite dangerous to cast (32% risk of failure)!
Continue anyway?
Aiming: Mephitic Cloud (quite dangerous; 32% risk of failure)
Press: ? - help, Shift-Dir - straight line, f/p - gnoll
Aim: a gnoll, wielding a +2 whip of pain (heavily wounded, chance to affect: 91%)
You miscast Mephitic Cloud.
You are very lightly contaminated with residual magic.
Nothing appears to happen.
Casting: Mephitic Cloud (quite dangerous; 32% risk of failure)
Confirm with . or Enter, or press ? or * to list all spells.
Aiming: Magic Dart (safe; 4% risk of failure)
Press: ? - help, Shift-Dir - straight line, f/p - gnoll
Aim: a gnoll, wielding a +2 whip of pain (heavily wounded, 100% to hit)
The magic dart hits the gnoll but does no damage.
The gnoll is heavily wounded.
The gnoll hits you with a +2 whip of pain!
* * * LOW HITPOINT WARNING * * *
There is an open door here.
Your magical contamination has completely faded away.
The kobold shouts!
There is an open door here.
The kobold hits you with a +0 dagger.
* * * LOW HITPOINT WARNING * * *
The kobold hits you with a +0 dagger.
You die...

#.#.# #.# #.#.# #.#
#.#.# #.# #.).# #.#
##).# #.# #..# #.#
##.####.########
######..............
........@###.########
#.#########K###.#######
#.# #.##........#
#####.# ###g##..#####.#
#.....####
#.........[.#.#
#........#
#.#.....###.#.#
#........## #.#.....#
#.#.# #.........#
#.#.....# #.#.#
######'###.#
#.#.....###.#.###


You could see a gnoll and a kobold.

Vanquished Creatures
  3 gnolls (D:2)
  An adder (D:2)
  4 ball pythons (D:1)
  3 endoplasms
  3 goblins
  4 hobgoblins
  3 jackals (D:1)
  4 kobolds (D:1)
  3 quokkas (D:1)
  5 bats
  6 rats (D:1)
39 creatures vanquished.

Notes
Turn   | Place    | Note
-------+----------+-------------------------------------------
     0 | D:1      | Danakh the Demonspawn Hedge Wizard began the quest for the
                  | Orb.
     0 | D:1      | Reached XP level 1. HP: 13/13 MP: 4/4
   524 | D:1      | Gained mutation: Your movements are slightly less
                  | encumbered by armour. (ER -2) [demonic ancestry]
   524 | D:1      | Reached XP level 2. HP: 19/19 MP: 1/6
   624 | D:1      | Learned a level 2 spell: Blink
  1246 | D:1      | Reached XP level 3. HP: 24/24 MP: 2/8
  1889 | D:2      | Found a faded altar of an unknown god.
  1897 | D:2      | Became a worshipper of Qazlal Stormbringer
  1897 | D:2      | Reached * piety under Qazlal
  1902 | D:2      | Learned a level 3 spell: Mephitic Cloud
  2320 | D:2      | Reached XP level 4. HP: 17/30 MP: 0/9
  2409 | D:2      | HP: 1/30 [kobold (4)]
  2412 | D:2      | Slain by a kobold

Illustrated notes

Levels and vault maps discovered:
D:1:      scummos_arrival_gate, layout_loops_ring, minmay_parallelograms,
          minmay_door_square
D:2:      layout_basic, ebering_ecumenical_altar_mist, uniq_crazy_yiuf_cottage

Skill      XL: |  1  2 |
---------------+-------+-----
Conjurations   | 2 |  2.8
Dodging        | |  1.7
Stealth        | |  1.7
Spellcasting   | |  3.9
Summonings     | |  1.0
Translocations | |  0.8

Action                   |  1- 3 |  4- 6 || total
-------------------------+-------+-------++-------
Melee: Dagger            |    54 |     2 ||    56
 Cast: Magic Dart        |    79 |     2 ||    81
       Mephitic Cloud    |     1 |       ||     1
Armor: Robe              |     7 |     1 ||     8
Dodge: Dodged            |    46 |     1 ||    47
